 Dungeon Crawl Stone Soup version 0.26-a0-597-gb535b0901c (webtiles) character file.

Game seed: 16586437545150447490

4234 Gargoyl the Fighter (level 10, -7/73 HPs)
             Began as a Gnoll Abyssal Knight on Aug 27, 2020.
             Was a Believer of Lugonu.
             Killed from afar by a gargoyle (13 damage)
             ... with a stone arrow
             ... on level 7 of the Dungeon.
             The game lasted 00:12:09 (7370 turns).

Gargoyl the Fighter (Gnoll Abyssal Knight)          Turns: 7370, Time: 00:12:10

Health: -7/73      AC: 17    Str: 17    XL:     10   Next: 30%
Magic:  17/17      EV: 10    Int: 17    God:    Lugonu [**....]
Gold:   282        SH:  5    Dex: 15    Spells: 19/19 levels left

rFire    . . .     SeeInvis .   s - +2 war axe
rCold    . . .     Faith    .   (no shield)
rNeg     + . .     Spirit   .   d - +0 chain mail
rPois    .         Reflect  +   (no helmet)
rElec    .         Harm     .   u - +0 cloak
rCorr    .                      b - +2 pair of gloves {archery}
MR       +++..                  c - +1 pair of boots
Stlth    ..........             f - amulet "Emeomner" {Reflect MR++ SH+5}
HPRegen  0.22/turn              i - ring of protection from magic
MPRegen  0.15/turn              r - ring of positive energy

@: no status effects
A: distributed training, fangs 1, clever 1, frail 1, wild magic 1, strong nose
a: Depart the Abyss, Bend Space, Renounce Religion


You were on level 7 of the Dungeon.
You worshipped Lugonu.
Lugonu was pleased with you.
You visited 1 branch of the dungeon, and saw 7 of its levels.
You visited the Abyss 1 time.

You collected 360 gold pieces.
You spent 78 gold pieces at shops.

Inventory:

Hand Weapons
 a - a +4 hand axe
 s - a +2 war axe (weapon)
Missiles
 v - 2 silver boomerangs (quivered)
Armour
 b - a +2 pair of gloves of archery (worn)
 c - a +1 pair of boots (worn)
 d - a +0 chain mail (worn)
 u - a +0 cloak (worn)
Jewellery
 f - the amulet "Emeomner" (around neck) {Reflect MR++ SH+5}
   (You found it on level 6 of the Dungeon)

   [amulet of reflection]

   It shields you and reflects attacks.
   It affects your resistance to hostile enchantments.
   It affects your SH (+5).
 i - a ring of protection from magic (left hand)
 j - an uncursed amulet of reflection {unknown}
 k - an uncursed amulet of regeneration
 l - an uncursed amulet of the acrobat
 n - an uncursed ring of protection from magic
 r - a ring of positive energy (right hand)
Wands
 g - a wand of acid (5)
 x - a wand of iceblast (17)
 B - a wand of digging (5)
Scrolls
 h - 4 scrolls of remove curse
 o - a scroll of identify
 p - 2 scrolls of blinking
 t - 3 scrolls of teleportation
Potions
 q - a potion of brilliance
 w - a potion of degeneration
 A - a potion of mutation


   Skills:
 + Level 8.4 Fighting
 + Level 5.1 Short Blades
 + Level 5.1 Long Blades
 + Level 7.0 Axes
 + Level 5.1 Maces & Flails
 + Level 5.1 Polearms
 + Level 5.1 Staves
 + Level 5.1 Slings
 + Level 5.1 Bows
 + Level 5.1 Crossbows
 + Level 5.1 Throwing
 + Level 7.0 Armour
 + Level 5.8 Dodging
 + Level 5.1 Stealth
 + Level 5.1 Shields
 + Level 5.1 Unarmed Combat
 + Level 5.1 Spellcasting
 + Level 4.2 Conjurations
 + Level 4.2 Hexes
 + Level 4.2 Summonings
 + Level 4.2 Necromancy
 + Level 4.2 Translocations
 + Level 4.2 Transmutations
 + Level 4.2 Fire Magic
 + Level 4.2 Ice Magic
 + Level 4.2 Air Magic
 + Level 4.2 Earth Magic
 + Level 4.2 Poison Magic
 + Level 7.3 Invocations
 + Level 5.1 Evocations


You had 19 spell levels left.
You didn't know any spells.
Your spell library contained the following spells:

 Spells                   Type           Power        Failure   Level
 Sandblast                Erth           ###...       36%         1
 Passwall                 Tmut/Erth      ###.....     50%         2
 Stone Arrow              Conj/Erth      ###...       73%         3
 Petrify                  Tmut/Erth      ###.....     98%         4
 Lee's Rapid Deconstruct  Erth           ###.......   100%        5


Dungeon Overview and Level Annotations

Branches:
Dungeon (7/15)             Temple (0/1) D:5

Altars:
Ashenzari
Kikubaaqudgha
Nemelex Xobeh
Ru
Trog
Vehumet
Yredelemnul
The Shining One

Shops:
D:6 ?

Annotations:
D:6 2 runed translucent doors
Abyss:1 Maggie


Innate Abilities, Weirdness & Mutations

Your experience applies equally to all skills.
You have very sharp teeth.
Your uncanny sense of smell can sniff out nearby items.
Your mind is acute. (Int +2)
You are frail. (-10% HP)
Your spells are a little harder to cast, but a little more powerful.


Message History

You hit the gargoyle but do no damage.
You bite the gargoyle, but do no damage.
The gargoyle is lightly damaged.
The gargoyle closely misses you.
You hit the gargoyle but do no damage.
The gargoyle is lightly damaged.
You block the gargoyle's attack.
You hit the gargoyle.
You bite the gargoyle, but do no damage.
The gargoyle is lightly damaged.
The gargoyle hits you with a +0 dire flail of holy wrath!!
* * * LOW HITPOINT WARNING * * *
You hit the gargoyle but do no damage.
The gargoyle is lightly damaged.
You block the gargoyle's attack.
You hit the gargoyle but do no damage. Your bite misses the gargoyle.
The gargoyle is lightly damaged.
The gargoyle hurls a stone arrow at you.
The stone arrow hits you!
You die...

#.......# #######.# #.#####
#####.....# ####.........###
#######....#######...# ####
#........###.###.###.#####...
#.#...#..#?##'.)##8#.......#.
#..###..###9@.)..'###.####...
#.## ##.# #.......#8#.# #....
#.# #.# +...........###.#..
#.#####.##....8........##....
#.>##...##+..................
###...#.#∆#.......#8#.###....
##..#.###+.....+###.# ###..
##.#..# ##+.+##∆#..# ##.
##....## ## ###.## #.


You could see a gargoyle.

Vanquished Creatures
  Pikel (D:7)
  2 gargoyles (D:7)
  Grinder (D:4)
  Sigmund (D:2)
  A yak (D:6)
  Menkaure (D:7)
  A water moccasin (D:6)
  3 ice beasts
  An orc warrior (D:7)
  A black bear (D:7)
  2 ogres
  A phantom (D:6)
  2 centaurs
  2 bullfrogs
  A water moccasin skeleton (D:7)
  A bullfrog skeleton (D:5)
  2 hounds
  2 centaur skeletons (D:5)
  4 orc priests
  2 jellies
  4 orc wizards
  Ijyb (D:5)
  Natasha (twice) (D:3)
  A worker ant (D:5)
  10 adders
  2 white imps (D:5)
  2 ufetubi
  An ooze (D:1)
  An adder zombie (D:5)
  A worm (D:4)
  A dart slug (D:1)
  A leopard gecko (D:5)
  23 orcs
  4 bats
  A giant cockroach (D:1)
  5 hobgoblins
  10 jackals
  5 quokkas
  2 frilled lizards
  5 goblins
  8 kobolds
  2 quokka skeletons
  A quokka zombie (D:7)
  7 rats
132 creatures vanquished.

Vanquished Creatures (others)
  A leopard gecko zombie (D:6)
  A plant (D:1)
2 creatures vanquished.

Grand Total: 134 creatures vanquished

Notes
Turn   | Place    | Note
-------+----------+-------------------------------------------
     0 | Abyss:1  | Gargoyl the Gnoll Abyssal Knight began the quest for the
                  | Orb.
     0 | Abyss:1  | Reached XP level 1. HP: 23/23 MP: 3/3
    33 | Abyss:2  | Noticed a hell hound
    34 | Abyss:2  | Noticed a hell hound
    35 | Abyss:2  | Noticed a hell hound
    36 | Abyss:2  | Noticed a hell hound
    37 | Abyss:2  | Noticed a hell hound
    39 | D:1      | Escaped the Abyss
   352 | D:1      | Reached XP level 2. HP: 26/29 MP: 5/5
   552 | D:1      | Reached * piety under Lugonu
  1154 | D:2      | Reached XP level 3. HP: 35/35 MP: 6/6
  1553 | D:2      | Reached skill level 1 in Short Blades
  1553 | D:2      | Reached skill level 1 in Long Blades
  1553 | D:2      | Reached skill level 1 in Maces & Flails
  1553 | D:2      | Reached skill level 1 in Polearms
  1553 | D:2      | Reached skill level 1 in Staves
  1553 | D:2      | Reached skill level 1 in Slings
  1553 | D:2      | Reached skill level 1 in Bows
  1553 | D:2      | Reached skill level 1 in Crossbows
  1553 | D:2      | Reached skill level 1 in Throwing
  1553 | D:2      | Reached skill level 1 in Stealth
  1553 | D:2      | Reached skill level 1 in Shields
  1553 | D:2      | Reached skill level 1 in Unarmed Combat
  1553 | D:2      | Reached skill level 1 in Spellcasting
  1553 | D:2      | Reached skill level 1 in Evocations
  1553 | D:2      | Reached XP level 4. HP: 39/41 MP: 7/7
  2154 | D:3      | Reached skill level 1 in Conjurations
  2154 | D:3      | Reached skill level 1 in Hexes
  2154 | D:3      | Reached skill level 1 in Summonings
  2154 | D:3      | Reached skill level 1 in Necromancy
  2154 | D:3      | Reached skill level 1 in Translocations
  2154 | D:3      | Reached skill level 1 in Transmutations
  2154 | D:3      | Reached skill level 1 in Fire Magic
  2154 | D:3      | Reached skill level 1 in Ice Magic
  2154 | D:3      | Reached skill level 1 in Air Magic
  2154 | D:3      | Reached skill level 1 in Earth Magic
  2154 | D:3      | Reached skill level 1 in Poison Magic
  2213 | D:3      | Reached XP level 5. HP: 47/47 MP: 8/8
  2314 | D:3      | Found a sparkling altar of Nemelex Xobeh.
  2476 | D:3      | Noticed Sigmund
  2565 | D:2      | Killed Sigmund
  2565 | D:2      | Reached ** piety under Lugonu
  2565 | D:2      | Reached skill level 5 in Axes
  2565 | D:2      | Reached skill level 5 in Armour
  2565 | D:2      | Reached skill level 5 in Invocations
  2565 | D:2      | Reached XP level 6. HP: 36/53 MP: 9/9
  2786 | D:3      | Noticed Natasha
  2793 | D:3      | Killed Natasha
  2895 | D:3      | Noticed Natasha
  2907 | D:3      | Killed Natasha
  3014 | D:4      | Reached XP level 7. HP: 59/59 MP: 10/10
  3315 | D:4      | Noticed Grinder
  3355 | D:4      | Paralysed by Grinder for 2 turns
  3363 | D:4      | Killed Grinder
  3363 | D:4      | Reached skill level 7 in Fighting
  3448 | D:4      | Found a faded altar of an unknown god.
  3448 | D:4      | Found a faded altar of an unknown god.
  3453 | D:4      | Found a radiant altar of Vehumet.
  3455 | D:4      | Found a shattered altar of Ashenzari.
  3457 | D:4      | Found an ancient bone altar of Kikubaaqudgha.
  3497 | D:4      | Found a bloodstained altar of Trog.
  3625 | D:5      | Entered Level 5 of the Dungeon
  3711 | D:5      | Noticed Ijyb
  3740 | D:5      | HP: 1/60 [Ijyb/iceblast (5)]
  3746 | D:5      | HP: 2/60 [poisoned by an adder]
  3752 | D:6      | HP: 3/60 [poisoned by an adder]
  3853 | D:6      | Found Fybom's Magic Scroll Shop.
  3917 | D:6      | Found a glowing golden altar of the Shining One.
  3919 | D:6      | Noticed an angel
  4033 | D:5      | Found a staircase to the Ecumenical Temple.
  4047 | D:5      | Reached XP level 8. HP: 55/67 MP: 12/12
  4288 | D:5      | Killed Ijyb
  4723 | D:6      | Reached *** piety under Lugonu
  4902 | D:7      | Noticed Pikel
  4923 | D:7      | Killed Pikel
  4923 | D:7      | Reached XP level 9. HP: 30/73 MP: 14/14
  4928 | D:7      | Found a sacrificial altar of Ru.
  5079 | D:6      | Bought a scroll of teleportation for 39 gold pieces
  5079 | D:6      | Bought a scroll of teleportation for 39 gold pieces
  5082 | D:6      | Found a large runed translucent door.
  5082 | D:6      | Found a large runed translucent door.
  5084 | D:6      | Noticed a purple ugly thing
  5085 | D:6      | Found a large runed translucent door.
  5085 | D:6      | Found a large runed translucent door.
  5110 | D:6      | Gained mutation: You are frail. (-10% HP) [potion of
                  | mutation]
  5110 | D:6      | Gained mutation: Your mind is acute. (Int +2) [potion of
                  | mutation]
  5110 | D:6      | Gained mutation: Your spells are a little harder to cast,
                  | but a little more powerful. [potion of mutation]
  5213 | D:6      | Found a basalt altar of Yredelemnul.
  5215 | D:6      | Noticed a profane servitor
  5470 | D:6      | Reached skill level 5 in Dodging
  5476 | D:6      | Got a twitching silver amulet
  5477 | D:6      | Identified the amulet "Bavomp" {RegenMP MP-9 Dex+4} (You
                  | found it on level 6 of the Dungeon)
  5487 | D:6      | Got an ancient bronze amulet
  5785 | D:6      | Reached skill level 8 in Fighting
  5887 | D:6      | Banished a purple ugly thing
  6060 | D:7      | Identified the amulet "Emeomner" {Reflect MR++ SH+5} (You
                  | found it on level 6 of the Dungeon)
  6191 | D:7      | Noticed Menkaure
  6203 | D:7      | Killed Menkaure
  6203 | D:7      | Reached XP level 10. HP: 25/72 MP: 17/17
  6510 | D:7      | Noticed Maggie
  6543 | D:7      | Banished Maggie
  6812 | D:7      | Reached skill level 5 in Short Blades
  6812 | D:7      | Reached skill level 5 in Long Blades
  6812 | D:7      | Reached skill level 5 in Maces & Flails
  6812 | D:7      | Reached skill level 5 in Polearms
  6812 | D:7      | Reached skill level 5 in Staves
  6812 | D:7      | Reached skill level 5 in Slings
  6812 | D:7      | Reached skill level 5 in Bows
  6812 | D:7      | Reached skill level 5 in Crossbows
  6812 | D:7      | Reached skill level 5 in Throwing
  6812 | D:7      | Reached skill level 5 in Stealth
  6812 | D:7      | Reached skill level 5 in Shields
  6812 | D:7      | Reached skill level 5 in Unarmed Combat
  6812 | D:7      | Reached skill level 5 in Spellcasting
  6812 | D:7      | Reached skill level 5 in Evocations
  6868 | D:7      | Noticed a gargoyle
  6880 | D:7      | Killed a gargoyle
  7142 | D:7      | Noticed a gargoyle
  7156 | D:7      | Killed a gargoyle
  7352 | D:7      | Noticed a gargoyle
  7370 | D:7      | Killed from afar by a gargoyle

Illustrated notes

Levels and vault maps discovered:
D:1:      sevenhm_arrival_forest_fort_small_3, layout_basic, item_on_display_a
D:2:      layout_basic, serial_park_tiny_1
D:3:      layout_loops_ring, nemelex_xobeh_ov_fountains_minmay, uniq_natasha,
          uniq_sigmund
D:4:      layout_cave_pools, lightli_temple_of_fire,
          chequers_temple_overflow_minitemple, uniq_grinder
D:5:      layout_cave_pools, minmay_temple_entry_steel_oval, dk_vineyard_1,
          uniq_ijyb
D:6:      layout_loops_ring, grunt_temple_overflow_holy_war, serial_shops,
          shop_scrolls, minmay_hollow_rounded_squares
D:7:      cheibrodos_statue_roulette, layout_loops_corners, basic_altar,
          serial_glass, glass_columns_a, glass_columns_c, uniq_menkaure,
          uniq_pikel, uniq_maggie

Skill      XL: |  1  2  3  4  5  6  7  8  9 10 |
---------------+-------------------------------+-----
Short Blades   | 1 2 3 4 5 |  5.1
Long Blades    | 1 2 3 4 5 |  5.1
Maces & Flails | 1 2 3 4 5 |  5.1
Polearms       | 1 2 3 4 5 |  5.1
Staves         | 1 2 3 4 5 |  5.1
Slings         | 1 2 3 4 5 |  5.1
Bows           | 1 2 3 4 5 |  5.1
Crossbows      | 1 2 3 4 5 |  5.1
Throwing       | 1 2 3 4 5 |  5.1
Stealth        | 1 2 3 4 5 |  5.1
Shields        | 1 2 3 4 5 |  5.1
Unarmed Combat | 1 2 3 4 5 |  5.1
Spellcasting   | 1 2 3 4 5 |  5.1
Evocations     | 1 2 3 4 5 |  5.1
Conjurations   | 1 2 3 4 |  4.2
Hexes          | 1 2 3 4 |  4.2
Summonings     | 1 2 3 4 |  4.2
Necromancy     | 1 2 3 4 |  4.2
Translocations | 1 2 3 4 |  4.2
Transmutations | 1 2 3 4 |  4.2
Fire Magic     | 1 2 3 4 |  4.2
Ice Magic      | 1 2 3 4 |  4.2
Air Magic      | 1 2 3 4 |  4.2
Earth Magic    | 1 2 3 4 |  4.2
Poison Magic   | 1 2 3 4 |  4.2
Axes           | 5 6 7 |  7.0
Armour         | 5 6 7 |  7.0
Dodging        | 3 4 5 |  5.8
Invocations    | 5 6 7 |  7.3
Fighting       | 7 8 |  8.4

Action                   |  1- 3 |  4- 6 |  7- 9 | 10-12 || total
-------------------------+-------+-------+-------+-------++-------
Melee: Hand axe          |    58 |    56 |       |       ||   114
       Bite              |     3 |    12 |    42 |    16 ||    73
       War axe           |       |    68 |   331 |    71 ||   470
       Punch             |       |     1 |     5 |     2 ||     8
Invok: Depart the Abyss  |     1 |       |       |       ||     1
       Bend Space        |       |       |     2 |       ||     2
       Banish            |       |       |     3 |     2 ||     5
  Use: Scroll            |     9 |     9 |     8 |       ||    26
       Potion            |       |       |    11 |     7 ||    18
Armor: Chain mail        |    55 |    68 |   265 |    17 ||   405
Dodge: Dodged            |    19 |    70 |   161 |    24 ||   274
Block: Other             |       |       |     7 |    11 ||    18

Table legend: (Time is in decaauts)
 A = Elapsed time spent in this place.
 B = Non-inter-level travel time spent in this place.
 C = Inter-level travel time spent in this place.
 D = Time resting spent in this place.
 E = Time spent auto-exploring this place.
 F = Levels seen in this place.
 G = Mean time per level.
                   A        B        C        D        E       F      G
               +--------+--------+--------+--------+--------+-----+--------+
         Total |   7444 |   7092 |    352 |   1657 |   3789 |   9 |  827.1 |
       Dungeon |   7406 |   7054 |    352 |   1657 |   3778 |   7 | 1058.0 |
         Abyss |     38 |     38 |      0 |      0 |     11 |   2 |   19.0 |
               +--------+--------+--------+--------+--------+-----+--------+

Top non-repeatable levels by time:
     D:7: 1550 daAuts
     D:6: 1381 daAuts
     D:2: 1100 daAuts
     D:1: 1096 daAuts
     D:5: 849 daAuts
     D:3: 846 daAuts
     D:4: 581 daAuts
 Abyss:1: 22 daAuts
 Abyss:2: 16 daAuts
